 Dungeon Crawl Stone Soup version 0.20.1-1-g8b1a95d (webtiles) character file.

14 dohliylev the Sneak (level 2, -1/19 HPs)
             Began as a Vampire Enchanter on July 9, 2017.
             Slain by a hobgoblin
             ... wielding a +0 club
              (6 damage)
             ... on level 1 of the Dungeon.
             The game lasted 00:01:25 (266 turns).

dohliylev the Sneak (Vampire Enchanter)              Turns: 266, Time: 00:01:26

Health: -1/19      AC:  2    Str:  7    XL:     2   Next: 31%
Magic:  5/5        EV: 13    Int: 17    God:
Gold:   7          SH:  0    Dex: 14    Spells: 4/5 levels left

rFire    . . .     SeeInvis +   a - +1 dagger
rCold    . . .     Gourm    .   (no shield)
rNeg     + . .     Faith    .   b - +0 robe
rPois    .         Spirit   .   (no helmet)
rElec    .         Reflect  .   (no cloak)
rCorr    .         Harm     .   (no gloves)
MR       .....                  (no boots)
Stlth    +++.......             (no amulet)
Regen    0.1/turn               (no ring)
MPRegen  0.1/turn               (no ring)

@: no status effects
A: fangs 3, see invisible, unbreathing
a: no special abilities


You were on level 1 of the Dungeon.
You were not thirsty.

You visited 1 branch of the dungeon, and saw 1 of its levels.

You collected 7 gold pieces.

Inventory:

Hand Weapons
 a - a +1 dagger (weapon)
Armour
 b - a +0 robe (worn)
Jewellery
 i - an uncursed amulet of regeneration {unknown}
Scrolls
 f - a scroll of fear {unknown}
 h - 2 scrolls of immolation {unknown}
Potions
 d - 3 potions of blood
 e - a potion of might {unknown}
 g - a potion of resistance {unknown}
Books
 c - a book of Maledictions

   Spells                             Type                      Level
   a - Corona                         Hexes                        1
   b - Ensorcelled Hibernation        Hexes/Ice                    2
   c - Confuse                        Hexes                        3
   d - Tukima's Dance                 Hexes                        3
   e - Dazzling Spray                 Conjuration/Hexes            3


   Skills:
 + Level 1.1 Short Blades
 + Level 2.3 Dodging
 * Level 5.3 Stealth
 + Level 2.0 Spellcasting
 + Level 4.5 Hexes


You had 4 spell levels left.
You knew the following spells:

 Your Spells              Type           Power        Failure   Level  Hunger
a - Corona                Hex            ###....      3%          1    #......


Dungeon Overview and Level Annotations

Branches:
Dungeon (1/15)

Altars:


Innate Abilities, Weirdness & Mutations

You have razor-sharp teeth.
You have supernaturally acute eyesight. (SInv)
You can survive without breathing.


Message History

Press: ? - help, Shift-Dir - straight line, f - giant cockroach
Aim: a giant cockroach (almost dead, clinging, chance to defeat MR: 71%)
The giant cockroach is outlined in light.
The giant cockroach bites you.
You hit the giant cockroach but do no damage.
The giant cockroach is almost dead.
The giant cockroach bites you but does no damage.
You hit the giant cockroach.
You kill the giant cockroach!
A bat comes into view.
The bat moves out of view.
The hobgoblin hits you with a club.
You hit the hobgoblin but do no damage. Your bite misses the hobgoblin.
The hobgoblin misses you.
You hit the hobgoblin but do no damage. The hobgoblin hits you with a club.
* * * LOW HITPOINT WARNING * * *
You hit the hobgoblin.
The hobgoblin is lightly wounded.
The hobgoblin hits you with a club.
You die...

### #.# #.##### #.. #.# #.# #.#
#.# #.# ### #.# #.# #.# #..
.########.# #.# #.####.#
.......##.# #.# #.##...#
.......##.#### #.### #.##.###
>..#.#.......#######...###.##.#..
..........##.rKg@.÷.....##.##.###
...##..###############..##.##.≈≈≈
. #..# #..##.##.### #..#
#..##.##.#.÷ #..# #..##.##.###
.####.)# #..##......# .......#
########..##.#....# .####.###
............####..
.####...#####.###.#..#.##.## ##.


You could see a hobgoblin, a kobold and a rat.

Vanquished Creatures
  2 giant cockroaches (D:1)
  4 goblins (D:1)
  2 hobgoblins (D:1)
  A bat (D:1)
  2 frilled lizards (D:1)
  A kobold (D:1)
  A rat (D:1)
13 creatures vanquished.

Notes
Turn   | Place    | Note
-------+----------+-------------------------------------------
     0 | D:1      | dohliylev the Vampire Enchanter began the quest for the Orb.
     0 | D:1      | Reached XP level 1. HP: 13/13 MP: 3/3
   133 | D:1      | Reached skill level 5 in Stealth
   174 | D:1      | Reached XP level 2. HP: 17/19 MP: 3/5
   266 | D:1      | Slain by a hobgoblin

Skill      XL: |  1 |
---------------+----+-----
Stealth        | 5 |  5.3
Short Blades   | |  1.1
Dodging        | |  2.3
Spellcasting   | |  2.0
Hexes          | |  4.5

Action                   || total
-------------------------++-------
Melee: Dagger            ||    35
       Bite              ||     2
 Cast: Corona            ||     6
 Stab: Sleeping          ||     5
Armor: Robe              ||     6
Dodge: Dodged            ||    14
